Map: Port Aleksander LE

Players

souL

  • Race: Terran Terran
  • Spawn Location: 5:00

SortOf - Winner!

  • Race: Zerg Zerg
  • Spawn Location: 11:00

Event: 2019 WCS Spring

VOD

Have the link to the VOD?

Description

Time

  • Played on: May 17, 2019, 12:39 p.m.
  • Length: 16:19

All games in this series

Show
View Real Time Build Order
Export as new Build Order

souL Terran 

Build Orders:  

Get SALT Encoding   

  12  0:00  SCV  
  13  0:13  Supply Depot  
  13  0:18  SCV  
  14  0:36  Barracks  
  14  0:49  Barracks  
  14  1:01  SCV  
  15  1:11  Barracks  
  15  1:13  SCV  
  16  1:30  Orbital Command  
  15  1:43  Marine x2  
  17  1:56  SCV  
  17  2:01  Marine x2  
  20  2:08  SCV  
  20  2:13  Refinery  
  20  2:18  Supply Depot  
  20  2:19  Marine  
  20  2:20  SCV  
  22  2:27  Marine  
  22  2:32  SCV  
  23  2:44  SCV  
  23  2:47  Command Center  
  24  2:56  SCV  
  24  2:58  Bunker  
  25  3:00  Supply Depot  
  25  3:09  SCV  
  26  3:14  Factory  
  26  3:21  SCV  
  27  3:32  Refinery  
  27  3:33  SCV  
  28  3:45  SCV  
  29  3:49  Command Center  
  29  3:57  SCV  
  29  3:58  Factory Reactor  
  29  4:01  Orbital Command  
  30  4:04  Barracks Tech Lab  
  30  4:07  Barracks Reactor  
  30  4:11  SCV  
  31  4:22  Supply Depot  
  31  4:23  SCV  
  32  4:25  Stimpack  
  32  4:28  SCV  
  33  4:34  Hellion  
  33  4:35  Hellion  
  37  4:39  SCV  
  37  4:43  Starport  
  37  4:45  Marine  
  39  4:46  Marine  
  39  4:48  SCV  
  39  4:51  SCV  
  42  4:53  Marine  
  43  5:00  SCV  
  43  5:02  Hellion  
  43  5:03  SCV  
  43  5:04  Hellion  
  49  5:08  Orbital Command  
  49  5:11  Marine  
  49  5:12  SCV  
  49  5:13  Marine  
  52  5:15  Marine  
  52  5:18  SCV  
  54  5:24  SCV  
  55  5:29  Marine  
  55  5:30  SCV  
  55  5:31  Factory Tech Lab  
  55  5:33  Medivac x2  
  61  5:37  SCV, Marine  
  61  5:38  Supply Depot  
  61  5:40  SCV  
  61  5:41  Marine  
  61  5:42  SCV  
  66  5:47  Marine  
  67  5:50  SCV, Engineering Bay  
  67  5:52  SCV, Engineering Bay  
  67  5:54  SCV  
  67  5:55  Liberator  
  67  5:56  Refinery  
  70  5:59  Refinery  
  70  6:02  Supply Depot  
  70  6:03  SCV, Supply Depot  
  71  6:04  SCV  
  71  6:08  SCV, Marine  
  74  6:14  Marine  
  74  6:15  SCV  
  80  6:20  SCV, Supply Depot  
  80  6:30  Combat Shield  
  80  6:32  SCV, Orbital Command, Barracks  
  81  6:33  Barracks x2  
  81  6:36  SCV  
  81  6:37  Siege Tank  
  81  6:38  Marine  
  86  6:44  SCV  
  86  6:45  Marine  
  88  6:48  SCV, Supply Depot  
  88  6:50  Terran Infantry Weapons Level 1, Terran Infantry Armor Level 1  
  89  6:58  SCV, Marine  
  89  6:59  SCV  
  92  7:02  Medivac, Marine  
  92  7:06  SCV  
  96  7:10  SCV  
  96  7:11  SCV  
  98  7:17  Siege Tank, Marine  
  98  7:18  SCV  
  98  7:22  SCV  
  104  7:23  SCV, Supply Depot, Barracks Reactor  
  104  7:27  Marine, Supply Depot  
  107  7:30  SCV  
  107  7:33  Barracks Reactor x3  
  107  7:34  SCV  
  107  7:35  SCV  
  107  7:40  Marine x2  
  109  7:45  Medivac, Marine  
  109  7:49  Siege Tank  
  114  7:53  Command Center  
  114  7:57  Supply Depot  
  114  7:58  Marine x2  
  116  8:00  Refinery  
  116  8:01  Supply Depot  
  116  8:03  Marine  
  116  8:04  SCV, Refinery  
  118  8:06  SCV x2  
  118  8:10  Marine  
  118  8:11  Marine  
  122  8:13  Marine  
  122  8:15  Marine  
  122  8:16  SCV, Marine  
  122  8:19  Medivac x2  
  130  8:20  Marine  
  130  8:21  Marine  
  130  8:23  SCV  
  130  8:24  Siege Tank  
  135  8:30  Marine x2  
  134  8:36  Marine  
  134  8:37  Marine x2  
  134  8:38  SCV, Marine x2  
  134  8:41  Marine  
  138  8:48  Medivac  
  138  8:49  Armory, SCV  
  138  8:51  Marine x2  
  143  9:00  SCV  
  143  9:02  Barracks  
  144  9:04  Barracks Tech Lab, Factory, Barracks  
  144  9:05  Supply Depot  
  144  9:06  Sensor Tower  
  144  9:08  Missile Turret  
  144  9:11  Widow Mine x2  
  144  9:15  Marine  
  144  9:17  Marine  
  139  9:25  Medivac x2  
  139  9:27  SCV  
  142  9:32  Widow Mine x2  
  142  9:34  Missile Turret  
  142  9:37  Missile Turret  
  146  9:42  Marine  
  146  9:43  Planetary Fortress, Marauder x2, Marine x3  
  146  9:44  Missile Turret  
  154  9:46  Missile Turret, Barracks  
  154  9:48  SCV  
  154  9:50  Marine x2  
  154  9:51  Marine x2  
  159  9:54  Thor  
  159  9:55  Widow Mine x2  
  169  10:00  Marine x2  
  169  10:02  Drilling Claws  
  169  10:03  Terran Infantry Weapons Level 2  
  169  10:05  Marauder  
  169  10:06  Marine  
  172  10:07  Marine  
  172  10:09  Marauder, Marine  
  168  10:16  Widow Mine x2  
  172  10:21  Marine x2  
  172  10:25  Supply Depot x3  
  172  10:26  Marauder, Barracks Tech Lab x2  
  172  10:33  Command Center  
  172  10:46  Marine x8  
  172  10:47  Marauder, Widow Mine x3, Marine x2  
  169  10:58  Terran Infantry Armor Level 2  
  164  11:04  Marine x8  
  164  11:05  Marine x2  
  164  11:08  Marine  
  123  11:17  Medivac x2  
  121  11:22  Marine x8  
  121  11:23  Thor, Marine x2  
  137  11:25  Widow Mine  
  137  11:26  Marine  
  137  11:30  SCV  
  135  11:35  SCV x3  
  135  11:39  Terran Vehicle And Ship Armor Level 1  
  138  11:40  Marine x7  
  138  11:42  Marine  
  138  11:46  Marauder, Concussive Shells  
  149  11:47  Medivac x2, Barracks Reactor  
  149  11:48  Marine  
  149  11:50  Widow Mine  
  153  11:58  Marine x2  
  153  11:59  Widow Mine  
  156  12:03  Marauder, Marine  
  156  12:04  Marine  
  156  12:06  Marine  
  156  12:07  Marauder  
  165  12:13  Missile Turret  
  165  12:14  Missile Turret  
  165  12:17  Missile Turret, Medivac x2  
  165  12:19  Thor  
  165  12:21  Planetary Fortress  
  165  12:23  SCV x4  
  165  12:29  Marauder x2  
  173  12:32  Bunker  
  173  12:35  SCV x3  
  173  12:36  Widow Mine  
  178  12:38  Marauder, Marine x6  
  178  12:39  Marine  
  180  12:44  Marine  
  180  12:45  Marine  
  180  12:50  Marine x2  
  178  12:54  SCV  
  178  12:55  SCV x3  
  178  12:56  Marine x3  
  172  12:58  Marine  
  172  12:59  SCV, Marauder  
  172  13:01  Widow Mine  
  172  13:05  Marine  
  177  13:06  Marauder  
  177  13:07  SCV x4  
  179  13:13  Marine x5  
  179  13:14  Marauder, SCV, Marine x2  
  179  13:16  Marine  
  179  13:19  SCV x4  
  192  13:20  Missile Turret  
  192  13:25  Missile Turret  
  192  13:26  SCV  
  193  13:31  SCV  
  193  13:32  Medivac x2  
  193  13:33  Marauder  
  200  13:38  Supply Depot  
  200  13:47  Marine  
  200  13:48  Marauder, Marine  
  198  13:49  Marine  
  185  13:55  Marine  
  185  13:58  SCV  
  185  14:00  Marine  
  174  14:02  Medivac  
  174  14:05  Marine  
  174  14:06  Marauder  
  174  14:09  Marine x3  
  172  14:10  Marine  
  172  14:11  Marine x4  
  172  14:13  Marine  
  167  14:17  Marine  
  167  14:20  Widow Mine x2  
  167  14:23  Marine  
  159  14:27  Marauder, Widow Mine, Marine x3  
  159  14:28  Marine x3  
  159  14:29  Marauder x2  
  159  14:31  SCV, Marine, Refinery  
  162  14:33  SCV, Command Center  
  162  14:35  Marine  
  162  14:37  SCV  
  167  14:39  SCV x2  
  167  14:41  Marine  
  167  14:42  Widow Mine  
  167  14:43  Refinery  
  167  14:44  Marine  
  167  14:45  Marine x2  
  175  14:46  SCV x2, Marine x3  
  175  14:48  Refinery, Marine  
  175  14:49  Marine, Refinery  
  175  14:50  Marauder x2  
  175  14:52  Widow Mine x2  
  190  14:57  SCV  
  190  14:58  SCV  
  190  14:59  SCV, Refinery  
  193  15:03  SCV, Widow Mine  
  193  15:05  Marauder  
  198  15:07  SCV  
  198  15:13  Widow Mine  
  200  15:15  Command Center  
  200  15:16  Ghost Academy  
  200  15:26  Refinery  
  200  15:34  Marine  
  175  15:38  Marauder x2, Marine  
  175  15:39  Marine x4  
  181  15:43  SCV x4  
  181  15:44  Marine  
  181  15:46  Widow Mine  
  171  15:56  Marine  
  171  15:57  Marine x3  
  168  15:59  Marine x2  
  168  16:00  SCV  
Show
View Real Time Build Order
Export as new Build Order

SortOf Zerg - Winner!

Build Orders: Hatch First, Muta Ling Bane 

Get SALT Encoding   

  12  0:00  Drone  
  13  0:12  Overlord  
  13  0:18  Drone  
  14  0:31  Drone x2  
  16  0:49  Hatchery  
  15  0:53  Drone  
  16  0:58  Drone  
  16  1:03  Drone  
  18  1:18  Spawning Pool  
  17  1:26  Drone  
  17  1:29  Drone  
  19  1:36  Drone  
  20  1:48  Drone  
  21  2:09  Queen  
  21  2:10  Spine Crawler  
  21  2:12  Zergling x2  
  22  2:17  Zergling x2  
  22  2:23  Drone x2  
  23  2:30  Drone  
  23  2:31  Drone  
  25  2:41  Overlord  
  25  2:43  Drone  
  26  2:53  Drone  
  26  2:56  Extractor, Queen  
  28  3:02  Drone x2  
  28  3:03  Drone  
  31  3:08  Overlord  
  31  3:13  Drone  
  31  3:15  Drone  
  31  3:19  Drone  
  34  3:22  Queen  
  36  3:28  Drone x2  
  36  3:30  Drone  
  39  3:35  Overlord  
  39  3:37  Drone  
  39  3:38  Drone  
  39  3:40  Drone  
  42  3:49  Drone  
  43  3:57  Hatchery  
  43  3:59  Drone  
  43  4:02  Drone x2  
  45  4:06  Queen  
  45  4:08  Metabolic Boost  
  47  4:13  Drone x2  
  47  4:16  Extractor  
  48  4:18  Overlord  
  48  4:19  Drone  
  48  4:20  Drone  
  48  4:23  Overlord  
  50  4:29  Overlord  
  50  4:34  Zergling x4  
  50  4:37  Overlord  
  52  4:40  Drone  
  52  4:42  Drone  
  54  4:45  Lair  
  54  4:52  Queen  
  56  4:53  Drone  
  56  4:54  Drone x3  
  60  5:00  Baneling Nest  
  60  5:01  Drone  
  59  5:10  Queen, Drone x2  
  59  5:14  Drone x2  
  65  5:17  Drone x2  
  65  5:18  Evolution Chamber, Drone  
  65  5:19  Evolution Chamber  
  65  5:20  Drone  
  67  5:23  Drone  
  67  5:24  Drone  
  67  5:27  Zergling x4  
  71  5:35  Drone x2  
  73  5:39  Extractor  
  73  5:40  Spore Crawler  
  73  5:41  Extractor  
  73  5:42  Drone  
  71  5:43  Drone x5  
  71  5:46  Zerg Ground Armor Level 1  
  71  5:48  Zerg Melee Weapons Level 1  
  76  5:52  Zergling x4  
  76  5:54  Queen  
  76  5:56  Drone  
  81  5:57  Overlord  
  81  6:00  Overlord, Extractor  
  81  6:01  Extractor  
  81  6:02  Drone x2  
  81  6:14  Centrifical Hooks, Overseer  
  81  6:15  Hatchery  
  81  6:18  Drone  
  81  6:20  Drone  
  81  6:21  Drone x5  
  81  6:23  Drone  
  88  6:27  Zergling x8  
  88  6:30  Zergling x4  
  88  6:31  Baneling x3  
  94  6:38  Zergling x4  
  94  6:39  Zergling x2  
  97  6:50  Overlord  
  97  6:54  Spire  
  97  6:58  Overlord  
  97  6:59  Overlord  
  97  7:01  Baneling  
  96  7:03  Overlord  
  96  7:05  Baneling  
  96  7:10  Zergling x16  
  96  7:11  Hatchery  
  96  7:13  Baneling  
  102  7:22  Drone x3  
  105  7:23  Zergling x6  
  104  7:30  Zergling x16  
  110  7:40  Hatchery  
  109  7:45  Zergling x6  
  109  7:46  Baneling x3  
  110  7:55  Zergling x12  
  110  7:58  Hatchery  
  115  8:01  Drone  
  115  8:02  Drone  
  115  8:03  Zerg Ground Armor Level 2, Drone x2, Zerg Melee Weapons Level 2  
  119  8:08  Drone  
  120  8:14  Drone x2  
  120  8:16  Zerg Flyer Weapons Level 1  
  120  8:18  Overlord  
  120  8:20  Overlord  
  121  8:28  Overlord  
  118  8:36  Mutalisk x6  
  118  8:38  Overlord  
  127  8:44  Queen  
  127  8:48  Extractor  
  126  8:50  Overseer  
  126  8:53  Mutalisk x3  
  132  8:59  Hatchery, Drone x5  
  136  9:16  Mutalisk x7, Overseer  
  136  9:19  Overlord  
  136  9:20  Zergling x4  
  136  9:23  Overlord  
  151  9:28  Overlord  
  151  9:30  Drone x4  
  155  9:31  Extractor  
  154  9:40  Drone x3  
  157  9:46  Baneling x22  
  157  9:48  Zergling x4  
  157  9:49  Zergling x2  
  157  9:52  Zergling x8  
  159  9:56  Zergling x6  
  162  10:03  Overlord  
  162  10:04  Pneumatized Carapace  
  161  10:13  Zergling x24  
  170  10:19  Infestation Pit  
  168  10:24  Mutalisk x4  
  168  10:27  Zergling x10  
  179  10:35  Zergling x14  
  186  10:38  Baneling x8  
  186  10:40  Zergling x2  
  187  10:48  Zergling x4  
  186  10:55  Zergling x14  
  175  11:07  Zergling x8  
  175  11:09  Zergling x14  
  160  11:17  Hive  
  154  11:19  Drone x5  
  154  11:24  Mutalisk  
  157  11:32  Zergling x8  
  161  11:36  Baneling x12  
  161  11:46  Zergling x12  
  161  11:47  Zergling x2  
  168  11:52  Extractor  
  167  11:54  Zergling x24  
  167  12:00  Overseer  
  179  12:07  Baneling x9  
  179  12:11  Zergling x14  
  186  12:15  Zerg Flyer Weapons Level 2  
  186  12:17  Overlord  
  186  12:19  Zergling x8  
  190  12:25  Overlord  
  190  12:29  Zerg Ground Armor Level 3, Zerg Melee Weapons Level 3, Adrenal Glands  
  190  12:30  Ultralisk Cavern  
  190  12:33  Overlord  
  190  12:34  Zergling x2  
  190  12:35  Overlord  
  190  12:38  Overlord  
  190  12:47  Baneling x5  
  190  12:48  Baneling x12  
  190  12:50  Zergling x22  
  198  12:53  Zergling x4  
  198  13:02  Zergling x12  
  191  13:14  Zergling x22  
  191  13:17  Chitinous Plating  
  200  13:36  Baneling x12  
  200  13:37  Baneling x3  
  200  13:40  Overlord  
  191  13:57  Zergling x4  
  191  13:58  Zergling x18  
  186  14:11  Zergling x30  
  185  14:22  Ultralisk x3  
  198  14:25  Queen  
  195  14:31  Overseer  
  195  14:34  Nydus Network  
  195  14:38  Ultralisk, Baneling  
  200  14:39  Baneling x6  
  200  14:40  Anabolic Synthesis  
  200  14:56  Spine Crawler  
  200  14:57  Spore Crawler  
  198  15:17  Nydus Canal  
  180  15:35  Ultralisk  
  180  15:36  Ultralisk x3  
  180  15:38  Zergling x8  
  198  15:43  Baneling x7  
  198  15:44  Baneling x4  
  187  15:52  Zergling x40  
  187  15:53  Zergling x2  
  187  15:54  Zergling x2  
  185  15:59  Baneling x2  
Tags
 
Add a new tag
Caveats
  • Supply blocks, unpowered buildings, or Contaminate may cause inaccurate times.
  • Supply counts are checked every 10 seconds.